 Dungeon Crawl Stone Soup version 0.30-a0-743-gbfdf073431 (webtiles) character file.

Game seed: 11714754135419763424

6 hikkokomori the Digger (level 1, -2/10 HPs)
             Began as a Deep Elf Earth Elementalist on Feb 6, 2023.
             Slain by a hobgoblin (5 damage)
             ... on level 1 of the Dungeon.
             The game lasted 00:00:59 (163 turns).

hikkokomori the Digger (Deep Elf Earth Elementalist) Turns: 163, Time: 00:01:00

Health: -2/10      AC:  2    Str:  5    XL:     1   Next: 75%
Magic:  1/6        EV: 12    Int: 19    God:
Gold:   8          SH:  0    Dex: 15    Spells: 5/6 levels left

rFire   . . .      SeeInvis .    c - +0 short sword
rCold   . . .      Faith    .    (no shield)
rNeg    . . .      Spirit   .    a - +0 robe
rPois   .          Reflect  .    (no helmet)
rElec   .          Harm     .    (no cloak)
rCorr   .          Rampage  .    (no gloves)
Will    .....                    (no boots)
Stlth   ++                       (no amulet)
HPRegen 0.21/turn                (no ring)
MPRegen 0.10/turn                (no ring)

@: no status effects
A: no striking features
a: no special abilities


You were on level 1 of the Dungeon.
You visited 1 branch of the dungeon, and saw 1 of its levels.

You collected 8 gold pieces.

Inventory:

Hand Weapons
 c - a +0 short sword (weapon)
Armour
 a - a +0 robe (worn)
Scrolls
 d - a scroll of fog {unknown}
 e - a scroll of magic mapping {unknown}
Potions
 b - a potion of magic


   Skills:
 - Level 2.4 Dodging
 + Level 2.7 Stealth
 + Level 3.2 Spellcasting
 - Level 1.1 Transmutations
 + Level 3.4 Earth Magic


You had 5 spell levels left.
You knew the following spells:

 Your Spells              Type           Power      Damage    Failure   Level
a - Sandblast             Erth           32%        2d9       3%          1

Your spell library contained the following spells:

 Spells                   Type           Power      Damage    Failure   Level
 Passwall                 Tmut/Erth      9%         N/A       9%          2
 Stone Arrow              Conj/Erth      18%        3d8       22%         3
 Petrify                  Tmut/Erth      11%        N/A       50%         4


Dungeon Overview and Level Annotations

Branches:
Dungeon (1/15)

Altars:


Message History

The frilled lizard hisses angrily.
You hear a shout!
A kobold comes into view. It is wielding a +1 vampiric whip.
The kobold completely misses you.
The blast of sand hits the kobold.
You kill the kobold!
The blast of sand misses the hobgoblin.
The blast of sand misses the frilled lizard.
A frilled lizard comes into view.
The hobgoblin hits you but does no damage.
The hobgoblin hits you.
The frilled lizard moves out of view.
The blast of sand hits the hobgoblin but does no damage.
The hobgoblin hits you.
A goblin comes into view. It is wielding a +0 club.
The blast of sand hits the frilled lizard.
You kill the frilled lizard!
The hobgoblin closely misses you. The hobgoblin hits you.
The blast of sand hits the kobold.
You kill the kobold!
The hobgoblin barely misses you.
You are out of magic!
You are out of magic!
You are out of magic!
You barely miss the hobgoblin.
The hobgoblin hits you but does no damage.
You closely miss the hobgoblin. The hobgoblin barely misses you.
You hit the hobgoblin.
The hobgoblin is heavily wounded.
The hobgoblin hits you.
You hit the hobgoblin but do no damage.
The hobgoblin is heavily wounded.
The hobgoblin barely misses you.
You barely miss the hobgoblin.
The hobgoblin is heavily wounded.
The hobgoblin hits you.
* * * LOW HITPOINT WARNING * * *
You hit the hobgoblin.
The hobgoblin is almost dead.
The hobgoblin hits you.
Ouch! That really hurt!
You die...

.....# #...........#
.###.####..†).......#
.# #)....###.......##
.###.###.# ##.....##
.....# #.# ##...##
##.###
#.######.####### #.#
#.##........†..# #.#
#.##.###.#####.# #.#
#(# #.@gg.# #.# #.#
#####.# #.# #..
......))# #.# ###
######..# ..# #[.#
.... #.... ##!#) .#
#.


You could see a hobgoblin and a goblin.

Vanquished Creatures
  A hobgoblin (D:1)
  2 frilled lizards (D:1)
  3 kobolds (D:1)
  2 rats (D:1)
8 creatures vanquished.

Notes
Turn   | Place    | Note
-------+----------+-------------------------------------------
     0 | D:1      | hikkokomori the Deep Elf Earth Elementalist began the quest
                  | for the Orb.
     0 | D:1      | Reached XP level 1. HP: 10/10 MP: 6/6
   163 | D:1      | Slain by a hobgoblin

Illustrated notes

Levels and vault maps discovered:
D:1:      dpeg_arrival_windows_large_door, layout_loops_ring,
          shapermc_ecumenical_altar_hornbeckon, minmay_tall_x

Action                     || total
---------------------------++-------
  Melee: Short sword       ||    10
   Cast: Sandblast         ||    10
 Armour: Robe              ||     6
  Dodge: Dodged            ||     7

Table legend: (Time is in decaauts)
 A = Elapsed time spent in this place.
 B = Non-inter-level travel time spent in this place.
 C = Inter-level travel time spent in this place.
 D = Time resting spent in this place.
 E = Time spent auto-exploring this place.
 F = Levels seen in this place.
 G = Mean time per level.
                   A        B        C        D        E       F      G
               +--------+--------+--------+--------+--------+-----+--------+
         Total |    167 |    167 |      0 |      0 |    120 |   1 |  167.0 |
       Dungeon |    167 |    167 |      0 |      0 |    120 |   1 |  167.0 |
               +--------+--------+--------+--------+--------+-----+--------+

Top non-repeatable levels by time:
     D:1: 167 daAuts
